 Dungeon Crawl Stone Soup version 0.25-a0-294-gea9b1ad378 (webtiles) character file.

Game seed: 15847834363413698680, levelgen mode: deterministic

40 MisterFreud the Skirmisher (level 3, 0/18 HPs)
             Began as a Felid Skald on Dec 18, 2019.
             Slain by a bat (1 damage)
             ... on level 2 of the Dungeon.
             The game lasted 00:03:07 (1748 turns).

MisterFreud the Skirmisher (Felid Skald)            Turns: 1748, Time: 00:03:07

Health: 0/18       AC:  1    Str:  7    XL:     3   Next: 30%
Magic:  4/7        EV: 18    Int: 12    God:
Gold:   89         SH:  0    Dex: 15    Spells: 3/6 levels left
                                        Lives:  0   Deaths: 0

rFire    . . .     SeeInvis +     - Unarmed
rCold    . . .     Gourm    .   (shield unavailable)
rNeg     + . .     Faith    .   (armour unavailable)
rPois    .         Spirit   .   (helmet unavailable)
rElec    .         Reflect  .   (cloak unavailable)
rCorr    .         Harm     .   (gloves unavailable)
MR       .....                  (boots unavailable)
Stlth    ++........             (no amulet)
HPRegen  0.06/turn              d - ring of positive energy
MPRegen  0.10/turn              f - -3 ring of intelligence (curse)

@: very slightly contaminated, quick
A: very small, no armour, no weapons or thrown items, stealth, claws 1, fangs 3,
see invisible, carnivore, speed 1, shaggy fur 1, slow metabolism 1, sharp paws
a: no special abilities


You were on level 2 of the Dungeon.
You were completely stuffed.

You visited 1 branch of the dungeon, and saw 2 of its levels.

You collected 89 gold pieces.

Inventory:

Jewellery
 d - a ring of positive energy (left paw)
 f - a cursed -3 ring of intelligence (right paw)
Scrolls
 c - 2 scrolls of teleportation
 e - a scroll of identify {unknown}
Potions
 a - 2 potions of curing {unknown}
Comestibles
 b - 2 rations


   Skills:
 * Level 3.8 Fighting
 - Level 3.2 Dodging
 - Level 2.0 Unarmed Combat
 - Level 2.0 Spellcasting
 - Level 3.6 Charms
 + Level 0.1 Translocations


You had 3 spell levels left.
You knew the following spells:

 Your Spells              Type           Power        Failure   Level  Hunger
a - Infusion              Chrm           #...         6%          1    ##.....
b - Shroud of Golubria    Chrm/Tloc      #.....       19%         2    ###....

Your spell library contained the following spells:

 Spells                   Type           Power        Failure   Level  Hunger
 Song of Slaying          Chrm           #.......     10%         2    ###....
 Regeneration             Chrm/Necr      #.........   36%         3    ####...
 Spectral Weapon          Hex/Chrm       Unusable     N/A         3    N/A

Dungeon Overview and Level Annotations

Branches:
Dungeon (2/15)

Altars:
Dithmenos


Innate Abilities, Weirdness & Mutations

You cannot wear armour.
You are incapable of wielding weapons or throwing items.
Your paws allow you to move quietly. (Stealth)
You have sharp claws.
You have razor-sharp teeth.
You have supernaturally acute eyesight. (SInv)
You are carnivorous and can eat meat at any time.
You cover ground quickly.
You are covered in fur. (AC +1)
You have a slow metabolism.
Your sharp claws are effective at attacking unaware monsters.


Message History

The bat hits you.
* * * LOW HITPOINT WARNING * * *
A rat comes into view.
The bat closely misses you. The bat hits you but does no damage.
There is a stone staircase leading up here.
The bat misses you. The bat misses you. The bat hits you.
* * * LOW HITPOINT WARNING * * *
The rat barely misses you.
Found a scroll labeled URIORE DUGOU.
The bat closely misses you. The bat barely misses you.
Found a short sword.
Found a shadowy altar of Dithmenos.
The bat hits you.
* * * LOW HITPOINT WARNING * * *
The bat hits you.
* * * LOW HITPOINT WARNING * * *
The bat closely misses you. The bat hits you.
You die...

..............<..###
#####.#.##.####..#
#$#.#...###..#
#.#...>..##..#
#.......#..#
#......##..#
..#....##r##
(#.##.#.##.####.#
#@#.........
#.b........#
###..###.... .?....
.## .#......##)
.#......# _ #
#...#..# ....#...
.... ..


You could see a bat.

Vanquished Creatures
  An adder (D:2)
  2 dart slugs (D:1)
  3 leopard geckos
  2 hobgoblins
  8 bats (D:1)
  A frilled lizard (D:1)
  4 kobolds
  5 rats (D:1)
26 creatures vanquished.

Notes
Turn   | Place    | Note
-------+----------+-------------------------------------------
     0 | D:1      | MisterFreud the Felid Skald began the quest for the Orb.
     0 | D:1      | Reached XP level 1. HP: 9/9 MP: 4/4
   399 | D:1      | Reached XP level 2. HP: 13/13 MP: 0/6
  1415 | D:2      | Reached XP level 3. HP: 8/18 MP: 3/7
  1621 | D:2      | Learned a level 2 spell: Shroud of Golubria
  1715 | D:2      | Noticed an ice beast
  1745 | D:2      | Found a shadowy altar of Dithmenos.
  1748 | D:2      | Slain by a bat

Levels and vault maps discovered:
D:1:      kennysheep_arrival_forest, layout_loops_ring
D:2:      layout_loops_ring, first_ration,
          nicolae_dithmenos_through_a_glass_darkly, uniq_robin

Skill      XL: |  1  2 |
---------------+-------+-----
Fighting       | 3 |  3.8
Dodging        | |  3.2
Unarmed Combat | |  2.0
Spellcasting   | |  2.0
Charms         | |  3.6
Translocations | |  0.1

Action                   || total
-------------------------++-------
Melee: Unarmed           ||    76
       Bite              ||     9
 Cast: Infusion          ||    14
       Shroud of Golubri ||     1
  Use: Scroll            ||     2
 Stab: Sleeping          ||     4
  Eat: Chunk             ||     9
Armor: Skin              ||     4
Dodge: Dodged            ||    82

Table legend:
 A = Non-vault XP
 B = Vault XP
 C = Vault XP percentage of total XP
 D = Non-vault monster count
 E = Vault monster count
 F = Vault count percentage of total count
                 A         B        C        D         E       F
            +---------+---------+-------+---------+---------+-------
      Total |      58 |       0 |   0.0 |      26 |       0 |   0.0
            +---------+---------+-------+---------+---------+-------
        D:1 |      35 |       0 |   0.0 |      21 |       0 |   0.0
        D:2 |      23 |       0 |   0.0 |       5 |       0 |   0.0
            +---------+---------+-------+---------+---------+-------
